 Dungeon Crawl Stone Soup version 0.31-a0-321-g19405a7a6a (webtiles) character file.

Game seed: 17013976911313086207

49 cforsyth the Changeling (level 3, -6/37 HPs)
             Began as a Vampire Shapeshifter on July 18, 2023.
             Killed by divine providence
             ... invoked by an orc priest
              (9 damage)
             ... on level 3 of the Dungeon.
             The game lasted 00:02:06 (1417 turns).

cforsyth the Changeling (Vampire Shapeshifter)      Turns: 1417, Time: 00:02:07

Health: -6/37      AC: 21    Str: 16    XL:     3   Next: 53%
Magic:  3/3        EV:  2    Int: 16    God:
Gold:   100        SH:  0    Dex: 14    Spells: 2/2 levels left

rFire   . .          .
                       - Unarmed
rCold   . . .        (no shield)
rNeg    . . .        a - melded +0 animal skin
rPois   +            (helmet currently unavailable)
rElec   .            (cloak currently unavailable)
rCorr   .            (gloves currently unavailable)
SInv    +            (boots currently unavailable)
Will    .....        (no amulet)
Stlth   +            d - ring of poison resistance
HPRegen 0.46/turn    e - +6 ring of intelligence
MPRegen 0.08/turn

%: no passive effects
@: tree-form, healing quickly, hasted, very quick
A: stationary, stasis, torment immunity, boosted hp, alive, (fangs 3), see
invisible, vampiric 2, [frail 1]
a: Exsanguinate


You were on level 3 of the Dungeon.
You were a tree.
You visited 1 branch of the dungeon, and saw 3 of its levels.

You collected 100 gold pieces.

Inventory:

Armour
 a - a +0 animal skin (melded)
Jewellery
 d - a ring of poison resistance (left branch)
 e - a +6 ring of intelligence (right branch)
Talismans
 c - a beast talisman
Scrolls
 f - a scroll of silence {unknown}
 i - a scroll of vulnerability {unknown}
 k - a scroll of teleportation {unknown}
Potions
 b - a potion of lignification
 g - a potion of enlightenment {unknown}
 h - 2 potions of haste
 j - a potion of degeneration {unknown}


   Skills:
 + Level 2.5 Fighting
 - Level 2.1 Dodging
 + Level 3.1 Unarmed Combat
 + Level 3.7 Shapeshifting


You had 2 spell levels left.
You didn't know any spells.
Your spell library contained the following spells:

 Spells                   Type           Power      Damage    Failure   Level
 Sandblast                Erth           0%         2d4       26%         1
 Passwall                 Tmut/Erth      0%         N/A       36%         2
 Stone Arrow              Conj/Erth      0%         3d7       58%         3
 Tukima's Dance           Hex            0%         N/A       58%         3
 Passage of Golubria      Tloc           0%         N/A       94%         4
 Yara's Violent Unravell  Hex/Tmut       0%         3d3       100%        5


Dungeon Overview and Level Annotations

Branches:
Dungeon (3/15)

Altars:


Innate Abilities, Weirdness & Mutations

You are a tree.
Your roots penetrate the ground, keeping you stationary.
You cannot be teleported.
You are immune to unholy pain and torment.
Your maximum health is greatly increased.
Your equipment is partially melded.
Your natural rate of healing is accelerated.
((You have razor-sharp teeth.))
You have supernaturally acute eyesight. (SInv)
You are afflicted with vampirism and can become a bat while bloodless.
[You are frail. (-10% HP)]


Message History

It was a potion of haste.
You feel yourself speed up. The orc misses you.
Really quaff the potion of lignification?
Your transformation has ended.
You turn into a tree.
Your +0 animal skin melds into your body.
Your roots penetrate the ground.
The orc barely misses you.
The orc priest looks braver for a moment.
The orc hits you with a +0 short sword.
* * * LOW HITPOINT WARNING * * *
You completely miss the orc priest.
The orc priest is heavily wounded.
The orc hits you but does no damage.
The orc hits you with a +1 mace of protection.
* * * LOW HITPOINT WARNING * * *
The orc priest hits you but does no damage.
You hit the orc priest.
The orc priest is severely wounded.
You barely miss the orc priest.
The orc priest is severely wounded.
The orc hits you but does no damage.
The orc priest casts a cantrip, but nothing happens.
The orc hits you but does no damage.
You closely miss the orc priest.
The orc priest is severely wounded.
The orc hits you but does no damage. x2
The orc priest hits you but does no damage.
You closely miss the orc priest.
The orc priest is severely wounded.
Unknown command.
You hit the orc priest but do no damage.
The orc priest is severely wounded.
The orc hits you but does no damage.
The orc priest hits you but does no damage.
The orc hits you but does no damage.
You hit the orc priest.
The orc priest is almost dead.
The orc hits you but does no damage.
The orc priest calls down the wrath of Beogh upon you.
Beogh smites you!
You die...

#######....<#
#......>##..# ..
#.#####.##..# #.#
#.##..# ....
##.#####.##..##.>.
..................
####.##.#.....##
#.##...## #.###♣o#
#.# #oo# #.# #..#
#.# #..# ... ...#
##.. .. #<#


You could see an orc priest and 2 orcs.

Vanquished Creatures
  An adder (D:2)
  2 dart slugs
  4 endoplasms
  7 goblins
  2 hobgoblins
  A quokka (D:1)
  4 bats (D:1)
  4 frilled lizards
  7 kobolds
  5 rats
37 creatures vanquished.

Notes
Turn   | Place    | Note
-------+----------+-------------------------------------------
     0 | D:1      | cforsyth the Vampire Shapeshifter began the quest for the
                  | Orb.
     0 | D:1      | Reached XP level 1. HP: 16/16 MP: 1/1
   268 | D:1      | Reached XP level 2. HP: 17/19 MP: 2/2
   330 | D:1      | Found a faded altar of an unknown god.
   802 | D:2      | Gained mutation: You are afflicted with vampirism and can
                  | become a bat while bloodless. [Vampire growth]
   802 | D:2      | Reached XP level 3. HP: 25/25 MP: 3/3
  1417 | D:3      | Killed from afar by an orc priest

Illustrated notes

Levels and vault maps discovered:
D:1:      psy_arrival_radial01, layout_basic, hellmonk_ecumenical_altar_blasted,
          minivault_19
D:2:      layout_loops_ring
D:3:      layout_loops_ring, ebering_ghost_sewer_f, serial_glass,
          glass_columns_a, glass_columns_a, glass_columns_c, glass_columns_a,
          glass_columns_a, glass_columns_c, glass_columns_a, glass_columns_c,
          glass_columns_b, glass_columns_b, kennysheep_generic_room_15,
          uniq_robin

Skill      XL: |  1  2  3 |
---------------+----------+-----
Fighting       | 2 |  2.5
Unarmed Combat | 3 |  3.1
Dodging        | |  2.1
Shapeshifting  | |  3.7

Action                     || total
---------------------------++-------
  Melee: Unarmed           ||    81
         Bite              ||    12
Ability: Exsanguinate      ||     1
         Revivify          ||     1
    Use: Potion            ||     2
   Stab: Sleeping          ||     2
         Distracted        ||     1
 Armour: Animal skin       ||     7
         Skin              ||    11
  Dodge: Dodged            ||    36
   Form: Beast             ||     1

Table legend: (Time is in decaauts)
 A = Elapsed time spent in this place.
 B = Non-inter-level travel time spent in this place.
 C = Inter-level travel time spent in this place.
 D = Time resting spent in this place.
 E = Time spent auto-exploring this place.
 F = Levels seen in this place.
 G = Mean time per level.
                   A        B        C        D        E       F      G
               +--------+--------+--------+--------+--------+-----+--------+
         Total |   1409 |   1377 |     32 |      0 |   1143 |   3 |  469.7 |
       Dungeon |   1409 |   1377 |     32 |      0 |   1143 |   3 |  469.7 |
               +--------+--------+--------+--------+--------+-----+--------+

Top non-repeatable levels by time:
     D:1: 752 daAuts
     D:2: 624 daAuts
     D:3: 33 daAuts
